 Dungeon Crawl Stone Soup version 0.28.0-53-g5a82cb258f (webtiles) character file.

Game seed: 14629144437406344795

23 Zeld the Ruffian (level 2, -2/23 HPs)
             Began as a Draconian Transmuter on June 4, 2022.
             Slain by Ijyb
             ... wielding a +0 dagger
              (5 damage)
             ... on level 2 of the Dungeon.
             The game lasted 00:01:13 (1196 turns).

Zeld the Ruffian (Draconian Transmuter)             Turns: 1196, Time: 00:01:14

Health: -2/23      AC:  4    Str: 12    XL:     2   Next: 75%
Magic:  4/5        EV: 12    Int: 13    God:
Gold:   22         SH:  0    Dex: 11    Spells: 2/5 levels left

rFire   . . .      SeeInvis .     - Unarmed
rCold   . . .      Faith    .   (no shield)
rNeg    . . .      Spirit   .   (armour unavailable)
rPois   .          Reflect  .   (helmet currently unavailable)
rElec   .          Harm     .   (no cloak)
rCorr   .          Rampage  .   (no gloves)
Will    .....                   (boots currently unavailable)
Stlth   +.........              (no amulet)
HPRegen 0.07/turn               (no ring)
MPRegen 0.09/turn               (no ring)

@: appendages (expiring)
A: horns 2, talons 2, AC +4, unfitting armour, cold-blooded
a: End Transformation


You were on level 2 of the Dungeon.
You had temporarily grown beastly horns and talons.
You visited 1 branch of the dungeon, and saw 3 of its levels.

You collected 22 gold pieces.

Inventory:

Scrolls
 a - a scroll of teleportation {unknown}


   Skills:
 + Level 1.4 Fighting
 - Level 1.7 Dodging
 - Level 3.0 Unarmed Combat
 + Level 2.1 Spellcasting
 + Level 2.1 Transmutations
 * Level 1.2 Ice Magic
 * Level 1.2 Poison Magic


You had 2 spell levels left.
You knew the following spells:

 Your Spells              Type           Power      Damage    Failure   Level
a - Beastly Appendage     Tmut           14%        N/A       11%         1
b - Wereblood             Tmut           7%         N/A       16%         2

Your spell library contained the following spells:

 Spells                   Type           Power      Damage    Failure   Level
 Spider Form              Tmut/Pois      5%         N/A       36%         3
 Ice Form                 Ice/Tmut       5%         N/A       77%         4


Dungeon Overview and Level Annotations

Branches:
Dungeon (3/15)

Altars:

Annotations:
D:2 Ijyb


Innate Abilities, Weirdness & Mutations

You have temporarily grown beastly horns and talons.
Your plain brown scales are hard. (AC +4)
You cannot fit into any form of body armour.
You are cold-blooded and may be slowed by cold attacks.


Message History

Ijyb is moderately wounded.
Ijyb hits you but does no damage.
You hit Ijyb but do no damage. Your kick misses Ijyb.
Your tail-slap misses Ijyb.
Ijyb is moderately wounded.
Ijyb hits you with a +0 dagger.
You hit Ijyb. Your kick misses Ijyb.
Ijyb is heavily wounded.
Your transformation is almost over.
Ijyb hits you with a +0 dagger.
You barely miss Ijyb. You headbutt Ijyb.
Ijyb is severely wounded.
Ijyb hits you with a +0 dagger.
You closely miss Ijyb. You headbutt Ijyb, but do no damage. You tail-slap Ijyb.
Ijyb is severely wounded.
Ijyb hits you but does no damage.
You closely miss Ijyb. Your kick misses Ijyb. Your headbutt misses Ijyb.
Ijyb is severely wounded.
Ijyb hits you with a +0 dagger.
You hit Ijyb but do no damage. Your kick misses Ijyb.
You tail-slap Ijyb, but do no damage.
Ijyb is severely wounded.
Ijyb hits you with a +0 dagger.
You hit Ijyb. You claw Ijyb, but do no damage.
You tail-slap Ijyb, but do no damage.
Ijyb is almost dead.
Ijyb hits you with a +0 dagger.
* * * LOW HITPOINT WARNING * * *
You barely miss Ijyb.
Ijyb is almost dead.
Ijyb hits you with a +0 dagger.
* * * LOW HITPOINT WARNING * * *
You hit Ijyb but do no damage. Your kick misses Ijyb.
Ijyb is almost dead.
Ijyb hits you with a +0 dagger.
* * * LOW HITPOINT WARNING * * *
You barely miss Ijyb.
Ijyb is almost dead.
Ijyb hits you with a +0 dagger.
You die...

## ### .. #.. #.# #.# .# #.#
#.# .# #######.# ####+#.##
.###### #.....#.#
#.......###.......
#.....#.###......g..........
'...............@...........
#...##...#...#+#<#..........
######...#...#.#)#........##
## ###.......+.............#
.............#..............
............................
..........#...#.........##.#
......#+#.#...##..#.....# #
...... #.....##..#.....#


You could see Ijyb.

Vanquished Creatures
  3 endoplasms
  A giant cockroach (D:1)
  6 goblins
  A hobgoblin (D:1)
  3 jackals
  2 kobolds
  A ball python (D:1)
  A bat (D:2)
  2 rats
20 creatures vanquished.

Notes
Turn   | Place    | Note
-------+----------+-------------------------------------------
     0 | D:1      | Zeld the Draconian Transmuter began the quest for the Orb.
     0 | D:1      | Reached XP level 1. HP: 16/16 MP: 3/3
   204 | D:1      | Reached XP level 2. HP: 23/23 MP: 3/5
   219 | D:1      | Learned a level 2 spell: Wereblood
   546 | D:2      | Reached skill level 1 in Ice Magic
   568 | D:2      | Reached skill level 1 in Poison Magic
   659 | D:1      | HP: 1/23 [jackal (2)]
  1177 | D:3      | Noticed Ijyb
  1196 | D:2      | Slain by Ijyb

Illustrated notes

Levels and vault maps discovered:
D:1:      eino_arrival_cavern_e, layout_basic, serial_shops, shop
D:2:      layout_basic
D:3:      layout_rooms, hellmonk_ecumenical_altar_arch_garden, serial_undead,
          serial_undead_e, serial_undead_e, serial_undead_e, serial_undead_e,
          serial_undead_a, serial_undead_c, grunt_decor_cap,
          chequers_serial_rivers_large_a, uniq_ijyb

Skill      XL: |  1  2 |
---------------+-------+-----
Ice Magic      | 1 |  1.2
Poison Magic   | 1 |  1.2
Fighting       | |  1.4
Dodging        | |  1.7
Unarmed Combat | |  3.0
Spellcasting   | |  2.1
Transmutations | |  2.1

Action                   || total
-------------------------++-------
Melee: Unarmed           ||    58
       Kick              ||    13
       Headbutt          ||     6
       Tailslap          ||     7
       Punch             ||     1
 Cast: Beastly Appendage ||    12
Armor: Skin              ||    27
Dodge: Dodged            ||    46
